TOP OF THE 1ST |
Calgary Cowboys batting - Pitching for Houston Hammertime : RHP Joe Wilson
|
Pitching: RHP Joe Wilson
|
|
Batting: RHB Derek Carr
|
0-0: Called Strike 0-1: Foul Ball, location: 2F 0-2: Foul Ball, location: 2F 0-2: Ball 1-2: Ball 2-2: Strikes out swinging
|
Batting: LHB Del Kennedy
|
0-0: Ball 1-0: Called Strike 1-1: Ball 2-1: Ball 3-1: Base on Balls
|
Batting: RHB Tom Rowe
|
0-0: SINGLE (Line Drive, 78S) Del Kennedy to second
|
Batting: RHB Travis Colbert
|
0-0: Ball 1-0: Foul Ball, location: 2F 1-1: Fly out, F8 (Line Drive, 8RM)
|
Batting: LHB Miguel Pérez
|
0-0: Fielders Choice at 2nd, 6-4 (Groundball, 6)
|
Top of the 1st over - 0 run(s), 1 hit(s), 0 error(s), 1 left on base; Calgary 0 - Houston 0 |
BOTTOM OF THE 1ST |
Houston Hammertime batting - Pitching for Calgary Cowboys : RHP Ron Chapman
|
Pitching: RHP Ron Chapman
|
|
Batting: SHB Martín Cruz
|
0-0: Called Strike 0-1: Foul Ball, location: 2F 0-2: Ball 1-2: Foul Ball, location: 2F 1-2: Ball 2-2: Ball 3-2: Strikes out looking
|
Batting: RHB David Hernández
|
0-0: Fly out, F6 (Popup, 6)
|
Batting: LHB José Esparza
|
0-0: Called Strike 0-1: Called Strike 0-2: Ball 1-2: Ball 2-2: Strikes out swinging
|
Bottom of the 1st over - 0 run(s), 0 hit(s), 0 error(s), 0 left on base; Calgary 0 - Houston 0 |
TOP OF THE 2ND |
Calgary Cowboys batting - Pitching for Houston Hammertime : RHP Joe Wilson
|
Batting: LHB Freddy Herrera
|
0-0: Ball 1-0: Ball 2-0: TRIPLE (Line Drive, 9LM)
|
Batting: RHB Tom Yarbrough
|
0-0: Called Strike 0-1: Ground out 5-3 (Groundball, 5L)
|
Batting: RHB Paul Swift
|
0-0: Ball 1-0: SINGLE (Groundball, 6MD) Freddy Herrera scores
|
Batting: RHB Mario Sánchez
|
0-0: Ball 1-0: Foul Ball, location: 2F 1-1: Ball Wild Pitch! Paul Swift to second 2-1: Ball 3-1: Foul Ball, location: 2F 3-2: Foul Ball, location: 2F 3-2: Strikes out looking
|
Batting: RHB Derek Carr
|
0-0: Ball 1-0: DOUBLE (Flyball, 78XD) Paul Swift scores
|
Batting: LHB Del Kennedy
|
0-0: Fly out, F8 (Flyball, 8LXD)
|
Top of the 2nd over - 2 run(s), 3 hit(s), 0 error(s), 1 left on base; Calgary 2 - Houston 0 |
BOTTOM OF THE 2ND |
Houston Hammertime batting - Pitching for Calgary Cowboys : RHP Ron Chapman
|
Batting: LHB Frank Geddes
|
0-0: Called Strike 0-1: Swinging Strike 0-2: Ball 1-2: Ball 2-2: Foul Ball, location: 2F 2-2: Ball 3-2: Base on Balls
|
Batting: RHB John Major
|
0-0: Ball 1-0: SINGLE (Groundball, 4D) Frank Geddes to second Runner from 2nd tries for 3rd, SAFE, throw made to third
|
Batting: LHB António Camacho
|
0-0: Foul Ball, location: 2F 0-1: Called Strike 0-2: Ball 1-2: Strikes out swinging
|
Batting: RHB Dan Mason
|
0-0: Ball 1-0: Called Strike 1-1: Foul Ball, location: 2F 1-2: Ball 2-2: Foul Ball, location: 2F 2-2: Ball 3-2: Base on Balls John Major to second
|
Batting: RHB José García
|
0-0: Ground out 3-1 (Groundball, 34S) Frank Geddes scores John Major to third Dan Mason to second
|
Batting: RHB Victor Andrews
|
0-0: Swinging Strike 0-1: SINGLE (Line Drive, 7LS) John Major scores Dan Mason to third Runner from 3rd tries for Home, SAFE, no throw
|
Batting: SHB Martín Cruz
|
0-0: Swinging Strike 0-1: Ball 1-1: Ball 2-1: Foul Ball, location: 2F Balk! Victor Andrews to second 2-2: Foul Ball, location: 2F 2-2: Strikes out swinging
|
Bottom of the 2nd over - 3 run(s), 2 hit(s), 0 error(s), 1 left on base; Calgary 2 - Houston 3 |
TOP OF THE 3RD |
Calgary Cowboys batting - Pitching for Houston Hammertime : RHP Joe Wilson
|
Batting: RHB Tom Rowe
|
0-0: Ball 1-0: Ball 2-0: Called Strike 2-1: Foul Ball, location: 2F 2-2: Ball 3-2: Foul Ball, location: 2F 3-2: Fly out, F9 (Flyball, 9)
|
Batting: RHB Travis Colbert
|
0-0: Ball 1-0: SINGLE (Groundball, 56D)
|
Batting: LHB Miguel Pérez
|
0-0: Called Strike 0-1: Grounds into double play, 4-6-3 (Groundball, 4)
|
Top of the 3rd over - 0 run(s), 1 hit(s), 0 error(s), 0 left on base; Calgary 2 - Houston 3 |
BOTTOM OF THE 3RD |
Houston Hammertime batting - Pitching for Calgary Cowboys : RHP Ron Chapman
|
Batting: RHB David Hernández
|
0-0: Ball 1-0: Called Strike 1-1: Foul Ball, location: 2F 1-2: Foul Ball, location: 2F 1-2: SINGLE (Groundball, 34D)
|
Batting: LHB José Esparza
|
0-0: Ball 1-0: Ball 2-0: Ball 3-0: Base on Balls David Hernández to second
|
Batting: LHB Frank Geddes
|
0-0: Called Strike 0-1: Ball 1-1: Swinging Strike 1-2: Ball 2-2: Foul Ball, location: 2F 2-2: Ball 3-2: Strikes out swinging
|
Batting: RHB John Major
|
0-0: Ball 1-0: Ground out 5-3 (Groundball, 5S) David Hernández to third José Esparza to second
|
Batting: LHB António Camacho
|
0-0: Ground out 5-3 (Groundball, 56S)
|
Bottom of the 3rd over - 0 run(s), 1 hit(s), 0 error(s), 2 left on base; Calgary 2 - Houston 3 |
TOP OF THE 4TH |
Calgary Cowboys batting - Pitching for Houston Hammertime : RHP Joe Wilson
|
Batting: LHB Freddy Herrera
|
0-0: Ball 1-0: Ball 2-0: Ball 3-0: Called Strike 3-1: Swinging Strike 3-2: Strikes out swinging
|
Batting: RHB Tom Yarbrough
|
0-0: Ball 1-0: Ball 2-0: Fly out, F9 (Flyball, 9D)
|
Batting: RHB Paul Swift
|
0-0: Ball 1-0: Called Strike 1-1: Ball 2-1: Ball 3-1: Foul Ball, location: 2F 3-2: Strikes out swinging
|
Top of the 4th over - 0 run(s), 0 hit(s), 0 error(s), 0 left on base; Calgary 2 - Houston 3 |
BOTTOM OF THE 4TH |
Houston Hammertime batting - Pitching for Calgary Cowboys : RHP Ron Chapman
|
Batting: RHB Dan Mason
|
0-0: Called Strike 0-1: Reached on error, E6 (Groundball, 6M)
|
Batting: RHB José García
|
0-0: Ball 1-0: Ball Wild Pitch! Dan Mason to second 2-0: Ground out 5-3 (Groundball, 56S) Dan Mason to third
|
Batting: RHB Victor Andrews
|
0-0: Ball 1-0: Ball 2-0: Fly out, F6 (Line Drive, 6M)
|
Batting: SHB Martín Cruz
|
0-0: Called Strike 0-1: Ball 1-1: Foul Ball, location: 2F 1-2: Fly out, F9 (Flyball, 9)
|
Bottom of the 4th over - 0 run(s), 0 hit(s), 1 error(s), 1 left on base; Calgary 2 - Houston 3 |
TOP OF THE 5TH |
Calgary Cowboys batting - Pitching for Houston Hammertime : RHP Joe Wilson
|
Batting: RHB Mario Sánchez
|
0-0: Ball 1-0: Called Strike 1-1: Ball 2-1: Swinging Strike 2-2: Foul Ball, location: 2F 2-2: Foul Ball, location: 2F 2-2: Strikes out swinging
|
Batting: RHB Derek Carr
|
0-0: SINGLE (Line Drive, 7LS)
|
Batting: LHB Del Kennedy
|
0-0: Called Strike 0-1: Ball 1-1: Fly out, F9 (Flyball, 9D)
|
Batting: RHB Tom Rowe
|
0-0: Ball 1-0: Ball 2-0: Foul Ball, location: 2F 2-1: Ball 3-1: Foul Ball, location: 2F 3-2: Base on Balls Derek Carr to second
|
Batting: RHB Travis Colbert
|
0-0: Ball 1-0: Ground out 5-3 (Groundball, 5S)
|
Top of the 5th over - 0 run(s), 1 hit(s), 0 error(s), 2 left on base; Calgary 2 - Houston 3 |
BOTTOM OF THE 5TH |
Houston Hammertime batting - Pitching for Calgary Cowboys : RHP Ron Chapman
|
Batting: RHB David Hernández
|
0-0: Ground out 5-3 (Groundball, 56)
|
Batting: LHB José Esparza
|
0-0: Called Strike 0-1: Foul Ball, location: 2F 0-2: Foul Ball, location: 2F 0-2: Ball 1-2: Foul Ball, location: 2F 1-2: SINGLE (Line Drive, 78M)
|
Batting: LHB Frank Geddes
|
0-0: Foul Ball, location: 2F 0-1: Ball 1-1: Ball 2-1: Swinging Strike 2-2: Foul Ball, location: 2F 2-2: Strikes out swinging
|
Pitching: LHP Takayuki Ine
|
|
Batting: RHB John Major
|
0-0: Ball José Esparza steals 2nd base 1-0: Foul Ball, location: 2F 1-1: Ball 2-1: Swinging Strike 2-2: Foul Ball, location: 2F 2-2: Ball 3-2: Ground out 4-3 (Groundball, 4)
|
Bottom of the 5th over - 0 run(s), 1 hit(s), 0 error(s), 1 left on base; Calgary 2 - Houston 3 |
TOP OF THE 6TH |
Calgary Cowboys batting - Pitching for Houston Hammertime : RHP Joe Wilson
|
Batting: LHB Miguel Pérez
|
0-0: Ball 1-0: Called Strike 1-1: Called Strike 1-2: Strikes out swinging
|
Batting: LHB Freddy Herrera
|
0-0: Foul Ball, location: 2F 0-1: Foul Ball, location: 2F 0-2: Ball 1-2: Ball 2-2: Ground out 3-1 (Groundball, 34)
|
Batting: RHB Tom Yarbrough
|
0-0: Foul Ball, location: 2F 0-1: Ball 1-1: Fly out, F8 (Flyball, 8RD)
|
Top of the 6th over - 0 run(s), 0 hit(s), 0 error(s), 0 left on base; Calgary 2 - Houston 3 |
BOTTOM OF THE 6TH |
Houston Hammertime batting - Pitching for Calgary Cowboys : LHP Takayuki Ine
|
Batting: LHB António Camacho
|
0-0: Foul Ball, location: 2F 0-1: Ground out 6-3 (Groundball, 6)
|
Batting: RHB Dan Mason
|
0-0: Ball 1-0: Ball 2-0: Called Strike 2-1: SINGLE (Groundball, 3D)
|
Batting: RHB José García
|
0-0: Ball 1-0: Ball 2-0: Fly out, F8 (Flyball, 78M)
|
Batting: RHB Victor Andrews
|
0-0: Foul Ball, location: 2F 0-1: Foul Ball, location: 2F 0-2: Fly out, F6 (Line Drive, 6)
|
Bottom of the 6th over - 0 run(s), 1 hit(s), 0 error(s), 1 left on base; Calgary 2 - Houston 3 |
TOP OF THE 7TH |
Calgary Cowboys batting - Pitching for Houston Hammertime : RHP Joe Wilson
|
Pitching: RHP Dae-hee Ch'oe
|
|
Batting: RHB Paul Swift
|
0-0: Called Strike 0-1: Ball 1-1: Ball 2-1: Swinging Strike 2-2: Ball 3-2: Base on Balls
|
Batting: RHB Mario Sánchez
|
0-0: Sac Bunt - play at first, batter OUT! 1-4 Paul Swift to second
|
Batting: RHB Derek Carr
|
0-0: Called Strike 0-1: SINGLE (Groundball, 6MD) Paul Swift to third
|
Batting: LHB Del Kennedy
|
0-0: Called Strike Derek Carr steals 2nd base 0-1: Called Strike 0-2: Strikes out swinging
|
Batting: RHB Tom Rowe
|
0-0: Called Strike 0-1: Ball 1-1: Fly out, F8 (Flyball, 89D)
|
Top of the 7th over - 0 run(s), 1 hit(s), 0 error(s), 2 left on base; Calgary 2 - Houston 3 |
BOTTOM OF THE 7TH |
Houston Hammertime batting - Pitching for Calgary Cowboys : LHP Takayuki Ine
|
Batting: SHB Martín Cruz
|
0-0: Called Strike 0-1: Ball 1-1: Called Strike 1-2: Ball 2-2: Ball 3-2: Foul Ball, location: 2F 3-2: Base on Balls
|
Batting: RHB David Hernández
|
0-0: Ground out 5-3 (Groundball, 56S) Martín Cruz to second
|
Pinch Hitting: RHB Santo Cruz
|
0-0: Ball 1-0: Ground out 5-3 (Groundball, 56)
|
Batting: LHB Frank Geddes
|
0-0: Ball 1-0: Called Strike 1-1: Ball 2-1: Ball 3-1: Foul Ball, location: 2F 3-2: Foul Ball, location: 2F 3-2: Foul Ball, location: 2F 3-2: Base on Balls
|
Batting: RHB John Major
|
0-0: Foul Ball, location: 2F 0-1: Ball 1-1: SINGLE (Flyball, 8LS) Martín Cruz to third Frank Geddes to second Runner from 3rd tries for Home, SAFE, no throw
|
Pinch Hitting: LHB Pat Jones
|
0-0: Ball 1-0: Foul Ball, location: 2F 1-1: Fly out, F8 (Flyball, 8LM)
|
Bottom of the 7th over - 1 run(s), 1 hit(s), 0 error(s), 2 left on base; Calgary 2 - Houston 4 |
TOP OF THE 8TH |
Calgary Cowboys batting - Pitching for Houston Hammertime : RHP Dae-hee Ch'oe
|
Now at 2B: Santo Cruz
|
|
Now in LF: Pat Jones
|
|
Batting: RHB Travis Colbert
|
0-0: SINGLE (Line Drive, 89M)
|
Pitching: RHP António Sánchez
|
|
Batting: LHB Miguel Pérez
|
0-0: Ball 1-0: Foul Ball, location: 2F 1-1: Ball 2-1: Ball 3-1: SINGLE (Line Drive, 7S) Travis Colbert to second
|
Batting: LHB Freddy Herrera
|
0-0: Swinging Strike 0-1: Ball 1-1: Bunted foul 1-2: SINGLE (Groundball, 34D) Travis Colbert to third Miguel Pérez to second Runner from 3rd tries for Home, SAFE, no throw
|
Pitching: RHP Brandon Williams
|
|
Batting: RHB Tom Yarbrough
|
0-0: Called Strike 0-1: Foul Ball, location: 2F 0-2: Ball 1-2: Ball 2-2: Strikes out swinging
|
Batting: RHB Paul Swift
|
0-0: Ball 1-0: Fly out, F8 (Flyball, 8LM)
|
Batting: RHB Mario Sánchez
|
0-0: Ground out 4-3 (Groundball, 4S)
|
Top of the 8th over - 1 run(s), 3 hit(s), 0 error(s), 2 left on base; Calgary 3 - Houston 4 |
BOTTOM OF THE 8TH |
Houston Hammertime batting - Pitching for Calgary Cowboys : LHP Takayuki Ine
|
Batting: RHB Dan Mason
|
0-0: Ball 1-0: Ball 2-0: Ball 3-0: Called Strike 3-1: Base on Balls
|
Batting: RHB José García
|
0-0: Bunted foul 0-1: Ball 1-1: Bunt missed! 1-2: Fly out, F9 (Flyball, 89S)
|
Batting: RHB Victor Andrews
|
0-0: Ball 1-0: Called Strike 1-1: Grounds into double play, 6-4-3 (Groundball, 6)
|
Bottom of the 8th over - 0 run(s), 0 hit(s), 0 error(s), 0 left on base; Calgary 3 - Houston 4 |
TOP OF THE 9TH |
Calgary Cowboys batting - Pitching for Houston Hammertime : RHP Brandon Williams
|
Pitching: LHP Júlio Aguilar
|
|
Now in CF: Pedro Meza
|
|
Pinch Hitting: SHB Juan Acevado
|
0-0: Called Strike 0-1: Foul Ball, location: 2F 0-2: Ball 1-2: Foul Ball, location: 2F 1-2: Foul Ball, location: 2F 1-2: Ball 2-2: Ball 3-2: Foul Ball, location: 2F 3-2: Fly out, F9 (Flyball, 9S)
|
Batting: LHB Del Kennedy
|
0-0: Fly out, F8 (Flyball, 8LD)
|
Batting: RHB Tom Rowe
|
0-0: Called Strike 0-1: DOUBLE (Line Drive, 78D)
|
Batting: RHB Travis Colbert
|
0-0: Fly out, F9 (Line Drive, 9)
|
Top of the 9th over - 0 run(s), 1 hit(s), 0 error(s), 1 left on base; Calgary 3 - Houston 4 |
|